 Dungeon Crawl Stone Soup version 0.23.0-3-gf3c87f2 (webtiles) character file.

Game seed: 6854513222241069534

130 misha the Cudgeler (level 4, -1/41 HPs)
             Began as a Minotaur Berserker on Feb 21, 2019.
             Was a Believer of Trog.
             Slain by Sigmund
             ... wielding a +0 scythe
              (7 damage)
             ... on level 3 of the Dungeon.
             The game lasted 00:11:59 (2769 turns).

misha the Cudgeler (Minotaur Berserker)             Turns: 2769, Time: 00:12:00

Health: -1/41      AC:  3    Str: 23    XL:     4   Next: 89%
Magic:  3/3        EV: 13    Int:  4    God:    Trog [**....]
Gold:   132        SH:  0    Dex:  9    Spells: 3/3 levels left

rFire    . . .     SeeInvis .   a - +0 mace
rCold    . . .     Gourm    .   (no shield)
rNeg     . . .     Faith    .   b - +0 animal skin
rPois    .         Spirit   .   (helmet restricted)
rElec    .         Reflect  .   (no cloak)
rCorr    .         Harm     .   (no gloves)
MR       .....                  (no boots)
Stlth    ++........             (no amulet)
HPRegen  0.13/turn              j - ring of stealth
MPRegen  0.08/turn              o - +1 ring of protection

@: no status effects
A: retaliatory headbutt, horns 2
a: Berserk, Trog's Hand, Renounce Religion


You were on level 3 of the Dungeon.
You worshipped Trog.
Trog was pleased with you.
You were not hungry.

You visited 1 branch of the dungeon, and saw 3 of its levels.

You collected 132 gold pieces.

Inventory:

Hand Weapons
 a - a +0 mace (weapon)
Armour
 b - a +0 animal skin (worn)
 h - a +0 robe
 p - a +2 helmet
Jewellery
 j - a ring of stealth (left hand)
 o - a +1 ring of protection (right hand)
 q - an uncursed ring of poison resistance {unknown}
Scrolls
 e - 3 scrolls of identify {unknown}
 g - 6 scrolls of teleportation {unknown}
 l - a scroll of enchant weapon {unknown}
 m - a scroll of magic mapping {unknown}
 n - a scroll of random uselessness {unknown}
Potions
 d - a potion of flight {unknown}
 f - a potion of curing {unknown}
 i - 2 potions of lignification {unknown}
 k - a potion of might {unknown}
Comestibles
 c - 4 rations


   Skills:
 + Level 4.7 Fighting
 + Level 5.1 Maces & Flails
 + Level 2.7 Armour
 + Level 3.3 Dodging
 + Level 0.5 Stealth


You had 3 spell levels left.
You didn't know any spells.
Your spell library was empty.

Dungeon Overview and Level Annotations

Branches:
Dungeon (3/15)

Altars:
Sif Muna

Annotations:
D:3 Sigmund


Innate Abilities, Weirdness & Mutations

You reflexively headbutt those who attack you in melee.
You have a pair of horns on your head.


Message History

The orc hits you with a +0 club.
A magic dart appears from out of thin air!
The magic dart hits you.
You hit the orc but do no damage. The orc hits you with a +0 club.
You hit the orc. You headbutt the orc.
You kill the orc!
Trog accepts your kill.
Sigmund gestures wildly while chanting.
Sigmund flickers and vanishes!
The rat closely misses you. You furiously retaliate!
You headbutt the rat.
You kill the rat!
Trog accepts your kill. Something hits you!
Items here: ) [ †† a +0 club; a cursed +0 scale mail; a rat corpse; an orc corpse Something hits you!
* * * LOW HITPOINT WARNING * * *
You hit something but do no damage. You miss something. Something hits you!
You die...

######### #........
#)###.### #@# ####{# .#
#....###.## #####.###
###....?...............
#....(.....##.# ###.###
#.##.#.###.#.#.# #.# #.
#.#.# #..# #.###.## #
#.#.###.#####.#..)##
#....r..............


There were no monsters in sight!

Vanquished Creatures
  6 adders (D:2)
  2 oozes (D:1)
  2 worms (D:2)
  3 dart slugs
  2 leopard geckos (D:1)
  An orc (D:3)
  5 giant cockroaches
  2 goblins
  7 hobgoblins
  8 kobolds
  A quokka (D:2)
  A ball python (D:2)
  6 bats
  4 frilled lizards
  6 rats
56 creatures vanquished.

Vanquished Creatures (others)
  A giant cockroach (D:3)
1 creature vanquished.

Grand Total: 57 creatures vanquished

Notes
Turn   | Place    | Note
-------+----------+-------------------------------------------
     0 | D:1      | misha the Minotaur Berserker began the quest for the Orb.
     0 | D:1      | Reached XP level 1. HP: 19/19 MP: 0/0
   120 | D:1      | Reached XP level 2. HP: 18/27 MP: 1/1
   264 | D:1      | Reached skill level 4 in Maces & Flails
  1005 | D:2      | Reached XP level 3. HP: 30/33 MP: 2/2
  1156 | D:2      | Found a deep blue altar of Sif Muna.
  1557 | D:2      | Reached XP level 4. HP: 41/41 MP: 3/3
  1591 | D:2      | Reached ** piety under Trog
  1790 | D:2      | Reached skill level 5 in Maces & Flails
  2677 | D:3      | Noticed Sigmund
  2769 | D:3      | Slain by Sigmund

Skill      XL: |  1  2  3  4 |
---------------+-------------+-----
Maces & Flails | 4 5 |  5.1
Fighting       | 4 |  4.7
Dodging        | 3 |  3.3
Armour         | |  2.7
Stealth        | |  0.5

Action                   |  1- 3 |  4- 6 || total
-------------------------+-------+-------++-------
Melee: Mace              |    66 |    60 ||   126
       Headbutt          |     7 |     9 ||    16
 Stab: Sleeping          |       |     2 ||     2
  Eat: Chunk             |     1 |     1 ||     2
       Ration            |       |     2 ||     2
Armor: Animal skin       |    17 |    11 ||    28
Dodge: Dodged            |    60 |    42 ||   102
